[Event "HUN-ch-Women KO 2019"]
[Site "Budapest"]
[Date "2019.12.12"]
[Round "1.1"]
[White "Gal, Hanna Krisztina"]
[Black "Gara, Anita"]
[Result "1/2-1/2"]
[ECO "B51"]
[WhiteElo "2174"]
[BlackElo "2350"]
[Annotator "NA"]
[PlyCount "74"]
[EventDate "2019.12.10"]
[EventType "k.o."]
[EventCountry "HUN"]
[SourceTitle "playchess.com"]
[Source "ChessBase"]
[SourceQuality "1"]
[TimeControl "40/5400+30:1800+30"]

1. e4 c5 2. Nf3 ({Predecessor:} 2. Nc3 Nc6 3. Bb5 Nd4 4. Nf3 Nxb5 5. Nxb5 a6 6. Nc3 d6 7. d4 cxd4 8. Qxd4 e5 9. Qd3 Be6 10. O-O {0-1 (33) Torres,S (1897)-Pulvett Marin,D (2405) Zaragoza 2013}) 2... d6 3. Bb5+ Nd7 4. O-O a6 5. Bxd7+ Bxd7 6. d4 cxd4 7. Qxd4 e5 8. Qd3 Rc8 {[%emt 0:00:09] B51: Sicilian: Moscow Variation (3 Bb5+) without 3...Bd7} 9. Nc3 Be6 $146 (9... h6 10. Nd2 Qc7 11. h3 Nf6 12. a4 Be7 13. Rd1 O-O 14. Nf1 Be6 15. Ne3 Qc5 {½-½ (37) Nepomniachtchi,I (2773)-Wojtaszek,R (2724) Moscow 2019}) 10. Nd5 Bxd5 11. Qxd5 Qc7 12. c3 Nf6 13. Qd3 Qc4 14. Qxc4 Rxc4 15. Nd2 Rc6 16. Re1 Be7 17. Nb3 h6 18. Bd2 Bd8 19. Rad1 Ke7 20. Na1 Bb6 21. Be3 Bxe3 22. Rxe3 Rb6 23. b3 a5 24. Nc2 a4 25. b4 Rc8 26. Na3 Ke6 27. Rde1 Nd7 28. Rd1 Nf6 29. Rde1 $1 Rbc6 30. Nb5 Rd8 31. f4 $15 Ke7 32. f5 Nd7 33. Rd3 Nb6 34. Red1 Nc4 35. Rg3 Kf6 36. h3 Rd7 37. Rd5 Nb6 1/2-1/2

[Event "HUN-ch-Women KO 2019"]
[Site "Budapest"]
[Date "2019.12.13"]
[Round "1.2"]
[White "Gara, Anita"]
[Black "Gal, Hanna Krisztina"]
[Result "1-0"]
[ECO "B41"]
[WhiteElo "2350"]
[BlackElo "2174"]
[Annotator "NA"]
[PlyCount "73"]
[EventDate "2019.12.10"]
[EventType "k.o."]
[EventCountry "HUN"]
[SourceTitle "playchess.com"]
[Source "ChessBase"]
[SourceQuality "1"]
[TimeControl "40/5400+30:1800+30"]

1. e4 c5 2. Nf3 e6 3. d4 cxd4 4. Nxd4 a6 5. c4 Nf6 6. Nc3 Qc7 7. Be2 b6 8. O-O Bb7 9. Qd3 Bb4 10. Bg5 Bxc3 11. Bxf6 gxf6 12. Qxc3 Rg8 13. Bf3 d6 14. g3 Nd7 15. Rac1 Ke7 16. Rfe1 Rac8 17. Qd2 Ne5 18. Bg2 h5 19. f4 Nc6 20. Nf3 b5 21. Qe3 bxc4 22. Rxc4 Qa5 23. Rec1 e5 24. Bh3 exf4 25. Qxf4 Qb6+ 26. Kh1 Rcd8 27. Nh4 d5 28. Nf5+ Ke8 29. Nd6+ Ke7 30. exd5 Rxd6 31. dxc6 Bxc6+ 32. Rxc6 Rxc6 33. Qe4+ Re6 34. Bxe6 Qxe6 35. Qb4+ Qd6 36. Re1+ Kd7 37. Qb7+ 1-0

[Event "HUN-ch-Women KO 2019"]
[Site "Budapest"]
[Date "2019.12.13"]
[Round "1.2"]
[White "Lazarne Vajda, Szidonia"]
[Black "Goczo, Melinda"]
[Result "1-0"]
[ECO "E68"]
[WhiteElo "2333"]
[BlackElo "2222"]
[Annotator "NA"]
[PlyCount "99"]
[EventDate "2019.12.10"]
[EventType "k.o."]
[EventCountry "HUN"]
[SourceTitle "playchess.com"]
[Source "ChessBase"]
[SourceQuality "1"]
[TimeControl "40/5400+30:1800+30"]

1. d4 d6 2. Nf3 Nf6 3. g3 g6 4. Bg2 Bg7 5. O-O O-O 6. c4 Nbd7 7. Nc3 e5 8. e4 a5 9. h3 exd4 10. Nxd4 Re8 11. Be3 Nc5 12. Qc2 c6 13. Rad1 Qe7 14. Rfe1 Bd7 15. f3 Be6 16. b3 Qc7 17. Bf2 Bd7 18. g4 Rad8 19. Bg3 Bc8 20. Re2 Qb6 21. Kh1 h5 22. Bh4 hxg4 23. hxg4 Nfd7 24. Red2 Ne5 25. Nde2 Bh6 26. Rxd6 Rxd6 27. Rxd6 Ne6 28. Nd5 Qc5 29. Nf6+ Kf8 30. Nxe8 Kxe8 31. Qd1 g5 32. Bg3 Bf8 33. Rd2 Bg7 34. Nd4 Nxd4 35. Rxd4 Bf6 36. Rd6 Be6 37. Qd2 Ke7 38. Rd8 Nd7 39. Rg8 Qb4 40. Qd1 Qc5 41. Bc7 Qd4 42. Qxd4 Bxd4 43. Rxg5 b6 44. e5 f6 45. exf6+ Nxf6 46. Be5 c5 47. Bc7 Nd7 48. Bf1 Bf6 49. Rh5 Bf7 50. Rh7 1-0

[Event "HUN-ch-Women KO 2019"]
[Site "Budapest"]
[Date "2019.12.13"]
[Round "1.2"]
[White "Havanecz, Bianka"]
[Black "Gara, Ticia"]
[Result "0-1"]
[ECO "E46"]
[WhiteElo "2259"]
[BlackElo "2339"]
[Annotator "NA"]
[PlyCount "100"]
[EventDate "2019.12.10"]
[EventType "k.o."]
[EventCountry "HUN"]
[SourceTitle "playchess.com"]
[Source "ChessBase"]
[SourceQuality "1"]
[TimeControl "40/5400+30:1800+30"]

1. d4 Nf6 2. c4 e6 3. Nc3 Bb4 4. e3 O-O 5. Bd2 c5 6. dxc5 Bxc5 7. Nf3 b6 8. Bd3 Bb7 9. Qc2 Nc6 10. a3 d5 11. cxd5 exd5 12. b4 Be7 13. Ne2 Rc8 14. Qb1 Ne4 15. Ra2 Bf6 16. O-O Ne5 17. Nxe5 Bxe5 18. Ng3 Qh4 19. Rc1 g6 20. Be1 Nc3 21. Bxc3 Bxc3 22. Ne2 Be5 23. h3 Rxc1+ 24. Qxc1 Rc8 25. Rc2 Qd8 26. Qd2 Bb8 27. f4 Bd6 28. Rxc8 Qxc8 29. Bb1 a5 30. Ba2 axb4 31. axb4 Qa8 32. b5 Bc5 33. Kf2 Qa3 34. Nc1 Qa4 35. Nd3 Qxb5 36. Kg3 Bd6 37. Nf2 h5 38. e4 Bb4 39. Qc2 Be1 40. Kh2 Bxf2 41. Qxf2 dxe4 42. Qd4 Qf5 43. Qd2 Kh7 44. Bb3 b5 45. Qe3 Bd5 46. Bd1 Qf6 47. g4 h4 48. Qf2 g5 49. f5 Qe5+ 50. Kg1 e3 0-1

[Event "HUN-ch-Women KO 2019"]
[Site "Budapest"]
[Date "2019.12.12"]
[Round "1.2"]
[White "Goczo, Melinda"]
[Black "Lazarne Vajda, Szidonia"]
[Result "0-1"]
[ECO "A05"]
[WhiteElo "2222"]
[BlackElo "2333"]
[Annotator "NA"]
[PlyCount "84"]
[EventDate "2019.12.10"]
[EventType "k.o."]
[EventCountry "HUN"]
[SourceTitle "playchess.com"]
[Source "ChessBase"]
[SourceQuality "1"]
[TimeControl "40/5400+30:1800+30"]

1. Nf3 Nf6 2. g3 g6 3. Bg2 Bg7 4. O-O O-O 5. d3 d6 6. e4 e5 7. h3 h6 {[%emt 0:04:07] A05: Réti Opening: 1 Nf3 Nf6} 8. Nh2 (8. c4 c5 9. Nc3 Nc6 10. a3 a5 11. Bd2 Rb8 12. Rb1 Bd7 13. Nb5 Ne8 14. b4 axb4 15. axb4 {½-½ (31) Wang,Y (2359)-Zhang,X (2364) Wuxi 2016}) 8... d5 $146 ({Predecessor:} 8... Bd7 9. Ng4 Nxg4 10. hxg4 Qc8 11. f3 Nc6 12. Be3 Ne7 13. Qd2 g5 14. Nc3 Ng6 15. Kf2 {1-0 (34) Marszalek,M (1800)-Krajewska,K (1600) Rudnik 2000}) 9. Qe2 c6 10. c3 Re8 11. Qc2 Nbd7 12. Be3 Nf8 13. a4 Be6 14. Qc1 (14. Nf3 $11) 14... Kh7 15. Na3 Qd7 16. g4 g5 17. h4 Nxg4 18. Nxg4 Bxg4 19. hxg5 hxg5 20. Bxg5 Ng6 21. f3 Bh3 22. Kf2 Bxg2 23. Kxg2 Rh8 24. Rh1+ Kg8 25. Rxh8+ Bxh8 26. Qe3 f6 27. Bh6 Kf7 28. Rh1 Rg8 29. Kf2 b6 30. b4 {[%emt 0:03:54] [#]} (30. Qe2 $11 {remains equal.}) 30... Bg7 $1 31. Bxg7 Rxg7 32. d4 (32. Nc2 $17) 32... Nf4 33. Rh2 Qe6 34. b5 dxe4 35. c4 Qd6 36. Nc2 Nd3+ 37. Ke2 exd4 38. Qxe4 Nc5 39. Qh4 d3+ 40. Kf1 dxc2 41. Qh5+ Ke7 42. Re2+ Ne6 0-1

[Event "HUN-ch-Women KO 2019"]
[Site "Budapest"]
[Date "2019.12.13"]
[Round "1.2"]
[White "Juhasz, Barbara"]
[Black "Papp, Petra"]
[Result "1/2-1/2"]
[ECO "A05"]
[WhiteElo "2210"]
[BlackElo "2339"]
[Annotator "NA RC"]
[PlyCount "31"]
[EventDate "2019.12.10"]
[EventType "k.o."]
[EventCountry "HUN"]
[SourceTitle "playchess.com"]
[Source "ChessBase"]
[SourceQuality "1"]
[TimeControl "40/5400+30:1800+30"]

1. Nf3 Nf6 2. g3 g6 3. Bg2 Bg7 4. O-O O-O 5. d3 d5 6. Nbd2 c5 7. e4 Nc6 8. Re1 dxe4 9. dxe4 e5 10. c3 h6 11. Qc2 Be6 12. Bf1 Qc7 13. Bc4 Bxc4 14. Nxc4 Rad8 15. a4 b6 16. Kg2 1/2-1/2

[Event "HUN-ch-Women KO 2019"]
[Site "Budapest"]
[Date "2019.12.12"]
[Round "1.4"]
[White "Gara, Ticia"]
[Black "Havanecz, Bianka"]
[Result "1-0"]
[ECO "D02"]
[WhiteElo "2339"]
[BlackElo "2259"]
[Annotator "ChessBase"]
[PlyCount "65"]
[EventDate "2019.12.10"]
[EventType "k.o."]
[EventCountry "HUN"]
[SourceTitle "playchess.com"]
[Source "ChessBase"]
[SourceQuality "1"]
[TimeControl "40/5400+30:1800+30"]

1. d4 d5 2. Nf3 Nf6 3. g3 e6 4. Bg2 Be7 5. c4 O-O 6. Nc3 dxc4 7. Ne5 Nd5 8. Nxc4 b6 9. O-O Bb7 10. e4 Nxc3 11. bxc3 Nd7 12. Re1 c5 13. d5 exd5 14. exd5 Bf6 15. Qb3 Ba6 16. Bf4 b5 17. Nd6 Qb6 18. Ne4 c4 19. Qb4 Rfe8 20. Be3 Qb8 21. Qa5 Bc8 22. Nxf6+ Nxf6 23. d6 Bg4 24. Bf4 Bd7 25. Re7 a6 26. Rae1 Qd8 27. Qa3 a5 28. Bg5 Ra6 29. Bxf6 gxf6 30. Qc5 a4 31. Bb7 Ra5 32. Rxe8+ Bxe8 33. Qc7 1-0

[Event "HUN-ch-Women KO 2019"]
[Site "Budapest"]
[Date "2019.12.16"]
[Round "2.1"]
[White "Gara, Anita"]
[Black "Gara, Ticia"]
[Result "1/2-1/2"]
[ECO "B67"]
[WhiteElo "2350"]
[BlackElo "2339"]
[Annotator "NA"]
[PlyCount "57"]
[EventDate "2019.12.10"]
[EventType "k.o."]
[EventRounds "4"]
[EventCountry "HUN"]
[SourceTitle "playchess.com"]
[Source "ChessBase"]
[SourceQuality "1"]
[TimeControl "40/5400+30:1800+30"]

1. e4 c5 2. Nf3 d6 3. d4 cxd4 4. Nxd4 Nf6 5. Nc3 Nc6 6. Bg5 e6 7. Qd2 a6 8. O-O-O Bd7 9. f4 b5 10. Bxf6 gxf6 11. Kb1 Qb6 12. Nxc6 Bxc6 13. f5 Qc5 14. Bd3 h5 15. fxe6 fxe6 16. e5 fxe5 17. Ne4 Bxe4 18. Bxe4 Rc8 19. Bb7 Rc7 20. Bxa6 Qb6 21. Qd3 Qxa6 22. Qg6+ Rf7 23. Rhf1 Rhh7 24. Rxf7 Rxf7 25. Rf1 Qb7 26. Qxe6+ Re7 27. Qg6+ Rf7 28. Qe6+ Re7 29. Qg6+ 1/2-1/2

[Event "HUN-ch-Women KO 2019"]
[Site "Budapest"]
[Date "2019.12.16"]
[Round "2.1"]
[White "Lazarne Vajda, Szidonia"]
[Black "Papp, Petra"]
[Result "1/2-1/2"]
[ECO "D41"]
[WhiteElo "2333"]
[BlackElo "2339"]
[Annotator "NA"]
[PlyCount "46"]
[EventDate "2019.12.10"]
[EventType "k.o."]
[EventRounds "4"]
[EventCountry "HUN"]
[SourceTitle "playchess.com"]
[Source "ChessBase"]
[SourceQuality "1"]
[TimeControl "40/5400+30:1800+30"]

1. d4 Nf6 2. Nf3 d5 3. c4 e6 4. Nc3 c5 5. cxd5 Nxd5 6. e4 Nxc3 7. bxc3 cxd4 8. cxd4 Bb4+ 9. Bd2 Bxd2+ 10. Qxd2 O-O 11. Bc4 Nd7 12. O-O b6 13. Rac1 Bb7 14. d5 Nc5 15. dxe6 fxe6 16. Qe3 Bxe4 17. Bxe6+ Nxe6 18. Qxe4 Qf6 19. Rfe1 Nc5 20. Qc4+ Qf7 21. Qc2 Qf5 22. Qc4+ Qf7 23. Qc2 Qf5 1/2-1/2

[Event "HUN-ch-Women KO 2019"]
[Site "Budapest"]
[Date "2019.12.17"]
[Round "2.3"]
[White "Gara, Ticia"]
[Black "Gara, Anita"]
[Result "1/2-1/2"]
[ECO "B40"]
[WhiteElo "2339"]
[BlackElo "2350"]
[Annotator "ChessBase"]
[PlyCount "47"]
[EventDate "2019.12.10"]
[EventType "k.o."]
[EventCountry "HUN"]
[SourceTitle "playchess.com"]
[Source "ChessBase"]
[SourceQuality "1"]
[TimeControl "900+5"]

1. e4 c5 2. Nf3 e6 3. c3 d5 4. exd5 Qxd5 5. d4 Nf6 6. Be2 Nc6 7. O-O cxd4 8. cxd4 Be7 9. Nc3 Qd6 10. Nb5 Qd8 11. Bf4 Nd5 12. Bg3 O-O 13. Bc4 a6 14. Bxd5 exd5 15. Nc7 Ra7 16. Qb3 b5 17. Qxd5 Qxd5 18. Nxd5 Rd8 19. Nxe7+ Rxe7 20. Rac1 Bb7 21. Rfd1 Red7 22. Ne5 Rxd4 23. Rxd4 Nxd4 24. Kf1 1/2-1/2

[Event "HUN-ch-Women KO 2019"]
[Site "Budapest"]
[Date "2019.12.17"]
[Round "2.3"]
[White "Gara, Ticia"]
[Black "Gara, Anita"]
[Result "1-0"]
[ECO "A05"]
[WhiteElo "2339"]
[BlackElo "2350"]
[Annotator "NA"]
[PlyCount "91"]
[EventDate "2019.12.10"]
[EventType "k.o."]
[EventCountry "HUN"]
[SourceTitle "playchess.com"]
[Source "ChessBase"]
[SourceQuality "1"]
[TimeControl "900+5"]

1. Nf3 Nf6 2. c4 d6 3. g3 g6 4. b3 Bg7 5. Bb2 O-O 6. Bg2 e5 7. O-O c6 8. h3 a5 9. Nc3 Na6 10. d4 e4 11. Nd2 d5 12. cxd5 cxd5 13. Rc1 Re8 14. Na4 e3 15. fxe3 Rxe3 16. Rf3 Bh6 17. Rc3 Rxc3 18. Nxc3 Bf5 19. g4 Be4 20. Ncxe4 dxe4 21. Rxf6 Qxf6 22. Nxe4 Qb6 23. Kh1 Bg7 24. g5 Rd8 25. e3 Nb4 26. Qf3 Nd5 27. Ba3 Qc7 28. Nd6 Nb4 29. Nxb7 Re8 30. Nc5 Nc2 31. Bc1 Nxd4 32. exd4 Bxd4 33. Nd3 Qc2 34. Bf4 Qb1+ 35. Qf1 Qxa2 36. Bd5 Qe2 37. Qxe2 Rxe2 38. Bc7 Bc3 39. Bc4 Kg7 40. Kg1 f6 41. gxf6+ Kxf6 42. Nf4 Re1+ 43. Kf2 Rc1 44. Nd5+ Kg5 45. Bf4+ Kf5 46. Bxc1 1-0

[Event "HUN-ch-Women KO 2019"]
[Site "Budapest"]
[Date "2019.12.17"]
[Round "2.3"]
[White "Papp, Petra"]
[Black "Lazarne Vajda, Szidonia"]
[Result "1/2-1/2"]
[ECO "C41"]
[WhiteElo "2339"]
[BlackElo "2333"]
[Annotator "NA"]
[PlyCount "65"]
[EventDate "2019.12.10"]
[EventType "k.o."]
[EventCountry "HUN"]
[SourceTitle "playchess.com"]
[Source "ChessBase"]
[SourceQuality "1"]
[TimeControl "900+5"]

1. e4 e5 2. Nf3 d6 3. d4 exd4 4. Nxd4 Nf6 5. Nc3 Be7 6. g3 O-O 7. Bg2 Nc6 8. O-O Bd7 9. h3 Re8 10. Re1 Nxd4 11. Qxd4 Bc6 12. Be3 Nd7 13. Qd2 Bf6 14. Bd4 Bxd4 15. Qxd4 Qf6 16. Qxf6 Nxf6 17. Nd5 Bxd5 18. exd5 Kf8 19. f4 Rxe1+ 20. Rxe1 Re8 21. Rxe8+ Kxe8 22. Kf2 Ke7 23. Ke3 h6 24. Bf3 Nd7 25. Kd4 g6 26. b4 f5 27. c4 b6 28. a3 a5 29. Bd1 axb4 30. axb4 Nf6 31. Bf3 Nd7 32. Bd1 Nf6 33. Bf3 1/2-1/2

[Event "HUN-ch-Women KO 2019"]
[Site "Budapest"]
[Date "2019.12.17"]
[Round "2.4"]
[White "Gara, Anita"]
[Black "Gara, Ticia"]
[Result "1/2-1/2"]
[ECO "B56"]
[WhiteElo "2350"]
[BlackElo "2339"]
[Annotator "NA"]
[PlyCount "64"]
[EventDate "2019.12.10"]
[EventType "k.o."]
[EventCountry "HUN"]
[SourceTitle "playchess.com"]
[Source "ChessBase"]
[SourceQuality "1"]
[TimeControl "900+5"]

1. e4 c5 2. Nf3 d6 3. d4 cxd4 4. Nxd4 Nf6 5. Nc3 Nc6 6. g3 g6 7. Bg2 Nxd4 8. Qxd4 Bg7 9. Bg5 O-O 10. Qd2 Be6 11. O-O Qb6 12. Rab1 Rac8 13. Be3 Qa5 14. Bd4 Rfd8 15. f4 Bc4 16. Rfd1 Ng4 17. b4 Bxd4+ 18. Qxd4 Qb6 19. Qxb6 axb6 20. Bh3 h5 21. Rd2 Be6 22. Nd5 Bxd5 23. exd5 Rc7 24. Rb3 Rdc8 25. Rb2 Rc3 26. Re2 R8c7 27. a4 Ne3 28. a5 Nxd5 29. Bg2 Ne3 30. axb6 Rd7 31. Bf3 Nc4 32. Rb3 Rxb3 1/2-1/2

[Event "HUN-ch-Women KO 2019"]
[Site "Budapest"]
[Date "2019.12.17"]
[Round "2.4"]
[White "Lazarne Vajda, Szidonia"]
[Black "Papp, Petra"]
[Result "1-0"]
[ECO "E62"]
[WhiteElo "2333"]
[BlackElo "2339"]
[Annotator "NA"]
[PlyCount "101"]
[EventDate "2019.12.10"]
[EventType "k.o."]
[EventCountry "HUN"]
[SourceTitle "playchess.com"]
[Source "ChessBase"]
[SourceQuality "1"]
[TimeControl "900+5"]

1. d4 Nf6 2. Nf3 g6 3. g3 Bg7 4. Bg2 O-O 5. O-O d6 6. c4 Nc6 7. Nc3 e5 8. dxe5 dxe5 9. Qxd8 Rxd8 10. Bg5 Be6 11. Nd2 Ne7 12. Rfd1 c6 13. Nde4 Nxe4 14. Nxe4 Rxd1+ 15. Rxd1 Nf5 16. b3 h6 17. Bc1 b6 18. Nc3 Rc8 19. Ba3 Bf8 20. Bxf8 Kxf8 21. e3 Ke7 22. Kf1 h5 23. Ke2 h4 24. Be4 Nd6 25. Bf3 hxg3 26. hxg3 Bd7 27. Rh1 Kf6 28. a4 a5 29. Rd1 Ke7 30. Ne4 Nxe4 31. Bxe4 c5 32. Rh1 Bg4+ 33. f3 Be6 34. Bd5 Kf6 35. e4 Rf8 36. Ke3 Bc8 37. f4 Re8 38. Rh7 Be6 39. Kf3 Re7 40. Rh8 Rd7 41. Rb8 Rd6 42. Rb7 Bd7 43. Ke3 Be6 44. Rb8 Bd7 45. fxe5+ Kxe5 46. Bxf7 g5 47. Bd5 g4 48. Rh8 Rg6 49. Rh7 Bc6 50. Bxc6 Rf6 51. Rh5+ 1-0

[Event "HUN-ch-Women KO 2019"]
[Site "Budapest"]
[Date "2019.12.19"]
[Round "3.1"]
[White "Lazarne Vajda, Szidonia"]
[Black "Gara, Ticia"]
[Result "1/2-1/2"]
[ECO "D78"]
[WhiteElo "2333"]
[BlackElo "2339"]
[Annotator "ChessBase"]
[PlyCount "39"]
[EventDate "2019.12.10"]
[EventType "k.o."]
[EventCountry "HUN"]
[SourceTitle "playchess.com"]
[Source "ChessBase"]
[SourceQuality "1"]
[TimeControl "40/5400+30:1800+30"]

1. d4 Nf6 2. Nf3 g6 3. g3 Bg7 4. Bg2 O-O 5. O-O d5 6. c4 c6 7. Qb3 Qb6 8. Nc3 Rd8 9. Qxb6 axb6 10. cxd5 Nxd5 11. Nxd5 Rxd5 12. e4 Rda5 13. a3 c5 14. d5 Na6 15. Rd1 Bg4 16. d6 exd6 17. Rxd6 Rb5 18. h3 Bxf3 19. Bxf3 c4 20. Be2 1/2-1/2

[Event "HUN-ch-Women KO 2019"]
[Site "Budapest"]
[Date "2019.12.20"]
[Round "3.2"]
[White "Gara, Ticia"]
[Black "Lazarne Vajda, Szidonia"]
[Result "1/2-1/2"]
[ECO "C50"]
[WhiteElo "2339"]
[BlackElo "2333"]
[Annotator "NA"]
[PlyCount "52"]
[EventDate "2019.12.10"]
[EventType "k.o."]
[EventCountry "HUN"]
[SourceTitle "playchess.com"]
[Source "ChessBase"]
[SourceQuality "1"]
[TimeControl "40/5400+30:1800+30"]

1. e4 e5 2. Nf3 Nc6 3. Bc4 Bc5 4. O-O Nf6 5. d3 O-O 6. c3 d6 7. h3 a6 8. Re1 Ba7 9. a4 Ne7 10. Nbd2 Ng6 {[%emt 0:02:14] C54: Giuoco Piano: 4 c3 Nf6, main lines with 5 d4 and 5 d3} 11. Nf1 c6 (11... Be6 12. Bxe6 fxe6 13. Ng3 h6 14. d4 Nd7 15. Be3 Qe7 16. a5 Kh7 17. Nd2 Rf7 18. Nc4 {½-½ (57) Caruana,F (2822)-Nakamura,H (2769) Stavanger 2018}) 12. Ng3 d5 13. Bb3 h6 14. exd5 Nxd5 15. d4 exd4 16. Nxd4 {[%emt 0:01:21] [#]} Bb8 $146 ({Predecessor:} 16... Re8 17. Rxe8+ Qxe8 18. Bxd5 cxd5 {½-½ (54) Bocharov,I (2563)-Tomashevsky,E (2705) St Petersburg 2018}) 17. Bc2 Bf4 18. Qf3 Nh4 19. Qd3 g6 20. Nde2 $11 Bxc1 21. Raxc1 Qg5 22. c4 Nb4 23. Qe3 Qxe3 24. fxe3 Nxc2 25. Rxc2 Nf5 26. Kf2 Be6 1/2-1/2